| TOP OF THE 1ST |
|
Baltimore Orioles batting - Pitching for Oakland Athletics : LHP Gerald Tyler
|
|
Pitching: LHP Gerald Tyler
|
|
|
Batting: RHB Marty G Barrett
|
0-0: Called Strike 0-1: Ball 1-1: Called Strike 1-2: Ground out 1-3 (Groundball, 13S, EV 65.6 MPH)
|
|
Batting: RHB Garth Iorg
|
0-0: Ground out 4-3 (Groundball, 4, EV 92.5 MPH)
|
|
Batting: SHB Steve R Ontiveros
|
0-0: Ball 1-0: TRIPLE (Line Drive, 89XD, EV 106.3 MPH)
|
|
Batting: RHB Dwight Evans
|
0-0: SINGLE (Groundball, 56D, EV 98.1 MPH) Steve R Ontiveros scores
|
|
Batting: SHB Mike Hart
|
0-0: Ball 1-0: TRIPLE (Flyball, 7D, EV 91.9 MPH) Dwight Evans scores
|
|
Batting: RHB Matt Rice
|
0-0: Called Strike 0-1: Ball 1-1: Ball 2-1: DOUBLE (Groundball, 5L, EV 101.9 MPH) Mike Hart scores
|
|
Batting: LHB Dave Parker
|
0-0: Called Strike 0-1: Ball 1-1: Ball 2-1: 2-RUN HOME RUN (Flyball, 9D, EV 111.9 MPH), Distance : 391 ft
|
|
Batting: RHB Mark Brouhard
|
0-0: Swinging Strike 0-1: Ball 1-1: Swinging Strike 1-2: Ball 2-2: Foul Ball, location: 2F 2-2: Strikes out looking
|
| Top of the 1st over - 5 runs, 5 hits, 0 errors, 0 left on base; Baltimore 5 - Oakland 0 |
| BOTTOM OF THE 1ST |
|
Oakland Athletics batting - Pitching for Baltimore Orioles : RHP Andrew Castillo
|
|
Pitching: RHP Andrew Castillo
|
|
|
Batting: RHB Willie Randolph
|
0-0: Ball 1-0: Ball 2-0: Foul Ball, location: 2F 2-1: Ball 3-1: Ground out 5-3 (Groundball, 56, EV 85.6 MPH)
|
|
Batting: RHB Barry Evans
|
0-0: Fly out, F5 (Popup, 56S, EV 77.5 MPH)
|
|
Batting: RHB Dave Henderson
|
0-0: Ball 1-0: Called Strike 1-1: SINGLE (Flyball, 9LS, EV 91.9 MPH)
|
|
Batting: LHB Reggie Jackson
|
0-0: Ball 1-0: Ball 2-0: Fly out, F8 (Flyball, 8LXD, EV 77.5 MPH)
|
| Bottom of the 1st over - 0 runs, 1 hit, 0 errors, 1 left on base; Baltimore 5 - Oakland 0 |
| TOP OF THE 2ND |
|
Baltimore Orioles batting - Pitching for Oakland Athletics : LHP Gerald Tyler
|
|
Batting: RHB Jim Sundberg
|
0-0: Ball 1-0: Swinging Strike 1-1: Swinging Strike 1-2: SINGLE (Groundball, 34D, EV 99.4 MPH)
|
|
Batting: RHB Marty G Barrett
|
0-0: Called Strike 0-1: Swinging Strike 0-2: Ball 1-2: Ball 2-2: Ball Wild Pitch! Jim Sundberg to second 3-2: Ground out 5-3 (Groundball, 56, EV 87.5 MPH)
|
|
Batting: RHB Garth Iorg
|
0-0: Ball 1-0: Ball 2-0: Called Strike 2-1: Fly out, F8 (Flyball, 8RM, EV 87.5 MPH)
|
|
Batting: SHB Steve R Ontiveros
|
0-0: Ground out 4-3 (Groundball, 4, EV 79.4 MPH)
|
| Top of the 2nd over - 0 runs, 1 hit, 0 errors, 1 left on base; Baltimore 5 - Oakland 0 |
| BOTTOM OF THE 2ND |
|
Oakland Athletics batting - Pitching for Baltimore Orioles : RHP Andrew Castillo
|
|
Batting: RHB George Hendrick
|
0-0: Ball 1-0: Fly out, F9 (Flyball, 9LM, EV 102.5 MPH)
|
|
Batting: LHB Ben Oglivie
|
0-0: Called Strike 0-1: Swinging Strike 0-2: SOLO HOME RUN (Flyball, 9LD, EV 96.3 MPH), Distance : 364 ft
|
|
Batting: RHB Willie Darkis
|
0-0: Called Strike 0-1: Ground out U3 (Groundball, 34S, EV 92.5 MPH)
|
|
Batting: RHB Fred Andrews
|
0-0: Called Strike 0-1: Ball 1-1: Called Strike 1-2: Foul Ball, location: 2F 1-2: Ball 2-2: Fly out, F8 (Flyball, 8RXD, EV 86.3 MPH)
|
| Bottom of the 2nd over - 1 run, 1 hit, 0 errors, 0 left on base; Baltimore 5 - Oakland 1 |
| TOP OF THE 3RD |
|
Baltimore Orioles batting - Pitching for Oakland Athletics : LHP Gerald Tyler
|
|
Batting: RHB Dwight Evans
|
0-0: Ball 1-0: Called Strike 1-1: Called Strike 1-2: Ball 2-2: Foul Ball, location: 2F 2-2: Foul Ball, location: 2F 2-2: Ball 3-2: Ground out 5-3 (Groundball, 56S, EV 88.1 MPH)
|
|
Batting: SHB Mike Hart
|
0-0: Ball 1-0: Called Strike 1-1: Ball 2-1: Ball 3-1: Foul Ball, location: 2F 3-2: Ground out 5-3 (Groundball, 56, EV 88.1 MPH)
|
|
Batting: RHB Matt Rice
|
0-0: Called Strike 0-1: Ball 1-1: Ball 2-1: Ground out 5-3 (Groundball, 56, EV 86.3 MPH)
|
| Top of the 3rd over - 0 runs, 0 hits, 0 errors, 0 left on base; Baltimore 5 - Oakland 1 |
| BOTTOM OF THE 3RD |
|
Oakland Athletics batting - Pitching for Baltimore Orioles : RHP Andrew Castillo
|
|
Batting: RHB Barry Foote
|
0-0: Ball 1-0: Ball 2-0: Ball 3-0: Called Strike 3-1: Fly out, F5 (Popup, 56D, EV 56.3 MPH)
|
|
Batting: RHB Willie Randolph
|
0-0: Ground out U3 (Groundball, 34S, EV 85.6 MPH)
|
|
Batting: RHB Barry Evans
|
0-0: Ball 1-0: Called Strike 1-1: Ground out 5-3 (Groundball, 5, EV 105.6 MPH)
|
| Bottom of the 3rd over - 0 runs, 0 hits, 0 errors, 0 left on base; Baltimore 5 - Oakland 1 |
| TOP OF THE 4TH |
|
Baltimore Orioles batting - Pitching for Oakland Athletics : LHP Gerald Tyler
|
|
Batting: LHB Dave Parker
|
0-0: Ground out 4-3 (Groundball, 4, EV 102.5 MPH)
|
|
Batting: RHB Mark Brouhard
|
0-0: Ball 1-0: SINGLE (Line Drive, 5D, EV 99.4 MPH)
|
|
Batting: RHB Jim Sundberg
|
0-0: Ball 1-0: Ball 2-0: Foul Ball, location: 2F 2-1: Fly out, F7 (Line Drive, 7, EV 94.4 MPH)
|
|
Batting: RHB Marty G Barrett
|
0-0: Ball 1-0: Ball 2-0: Fielders Choice at 2nd, 6-4 (Groundball, 6, EV 105.6 MPH)
|
| Top of the 4th over - 0 runs, 1 hit, 0 errors, 1 left on base; Baltimore 5 - Oakland 1 |
| BOTTOM OF THE 4TH |
|
Oakland Athletics batting - Pitching for Baltimore Orioles : RHP Andrew Castillo
|
|
Batting: RHB Dave Henderson
|
0-0: Ball 1-0: Swinging Strike 1-1: Ball 2-1: Called Strike 2-2: Foul Ball, location: 2F 2-2: Hit by Pitch
|
|
Batting: LHB Reggie Jackson
|
0-0: Called Strike 0-1: Ball 1-1: Ball 2-1: Fly out, F5 (Popup, 5SF, EV 80.6 MPH)
|
|
Batting: RHB George Hendrick
|
0-0: Called Strike 0-1: Fly out, F9 (Line Drive, 9, EV 91.3 MPH)
|
|
Batting: LHB Ben Oglivie
|
0-0: Ball 1-0: Ball 2-0: Ball 3-0: Base on Balls Dave Henderson to second
|
|
Batting: RHB Willie Darkis
|
0-0: Ball 1-0: Ground out 5-3 (Groundball, 5S, EV 70.6 MPH)
|
| Bottom of the 4th over - 0 runs, 0 hits, 0 errors, 2 left on base; Baltimore 5 - Oakland 1 |
| TOP OF THE 5TH |
|
Baltimore Orioles batting - Pitching for Oakland Athletics : LHP Gerald Tyler
|
|
Batting: RHB Garth Iorg
|
0-0: Called Strike 0-1: Ball 1-1: Ball 2-1: Foul Ball, location: 2F 2-2: Strikes out swinging
|
|
Batting: SHB Steve R Ontiveros
|
0-0: Called Strike 0-1: Foul Ball, location: 2F 0-2: Ball 1-2: Ground out 4-3 (Groundball, 4, EV 81.9 MPH)
|
|
Batting: RHB Dwight Evans
|
0-0: Foul Ball, location: 2F 0-1: SINGLE (Groundball, 4MD, EV 96.3 MPH)
|
|
Batting: SHB Mike Hart
|
0-0: Called Strike 0-1: Foul Ball, location: 2F 0-2: Strikes out swinging
|
| Top of the 5th over - 0 runs, 1 hit, 0 errors, 1 left on base; Baltimore 5 - Oakland 1 |
| BOTTOM OF THE 5TH |
|
Oakland Athletics batting - Pitching for Baltimore Orioles : RHP Andrew Castillo
|
|
Batting: RHB Fred Andrews
|
0-0: Ball 1-0: Ball 2-0: Foul Ball, location: 2F 2-1: Foul Ball, location: 2F 2-2: Ground out 6-3 (Groundball, 56, EV 78.8 MPH)
|
|
Batting: RHB Barry Foote
|
0-0: DOUBLE (Groundball, 5L, EV 100.0 MPH)
|
|
Batting: RHB Willie Randolph
|
0-0: Called Strike 0-1: Ball 1-1: Ball 2-1: Swinging Strike 2-2: SINGLE (Line Drive, 6MD, EV 95.0 MPH) Barry Foote to third Runner from 3rd tries for Home, SAFE, throw by CF to home
|
|
Batting: RHB Barry Evans
|
0-0: Ball Willie Randolph steals 2nd base 1-0: DOUBLE (Flyball, 89XD, EV 111.9 MPH) Willie Randolph scores
|
|
Batting: RHB Dave Henderson
|
0-0: Ball 1-0: Called Strike Barry Evans steals 3rd base 1-1: Foul Ball, location: 2F 1-2: Ball 2-2: Strikes out swinging
|
|
Batting: LHB Reggie Jackson
|
0-0: Ball 1-0: Called Strike 1-1: Called Strike 1-2: Strikes out swinging
|
| Bottom of the 5th over - 2 runs, 3 hits, 0 errors, 1 left on base; Baltimore 5 - Oakland 3 |
| TOP OF THE 6TH |
|
Baltimore Orioles batting - Pitching for Oakland Athletics : LHP Gerald Tyler
|
|
Batting: RHB Matt Rice
|
0-0: Foul Ball, location: 2F 0-1: Foul Ball, location: 2F 0-2: Ball 1-2: Foul Ball, location: 2F 1-2: Fly out, F9 (Flyball, 9LM, EV 83.1 MPH)
|
|
Batting: LHB Dave Parker
|
0-0: Ball 1-0: Ball 2-0: Foul Ball, location: 2F 2-1: SINGLE (Line Drive, 3D, EV 97.5 MPH)
|
|
Batting: RHB Mark Brouhard
|
0-0: Ball 1-0: Fly out, F9 (Flyball, 9LS, EV 80.0 MPH)
|
|
Batting: RHB Jim Sundberg
|
0-0: Ball 1-0: Ball 2-0: Ball 3-0: Base on Balls Dave Parker to second
|
|
Batting: RHB Marty G Barrett
|
0-0: Ground out 4-3 (Groundball, 4, EV 101.3 MPH)
|
| Top of the 6th over - 0 runs, 1 hit, 0 errors, 2 left on base; Baltimore 5 - Oakland 3 |
| BOTTOM OF THE 6TH |
|
Oakland Athletics batting - Pitching for Baltimore Orioles : RHP Andrew Castillo
|
|
Batting: RHB George Hendrick
|
0-0: Ball 1-0: SINGLE (Groundball, 34D, EV 96.3 MPH)
|
|
Batting: LHB Ben Oglivie
|
0-0: Called Strike 0-1: Ball 1-1: Ball 2-1: Ball 3-1: Called Strike 3-2: Foul Ball, location: 2F 3-2: Foul Ball, location: 2F 3-2: Fly out, F8 (Line Drive, 8RD, EV 91.3 MPH)
|
|
Batting: RHB Willie Darkis
|
0-0: Foul Ball, location: 2F 0-1: Foul Ball, location: 2F 0-2: Ball 1-2: Ball 2-2: Strikes out swinging
|
|
Batting: RHB Fred Andrews
|
0-0: Called Strike 0-1: Ball 1-1: Ball 2-1: Foul Ball, location: 2F 2-2: Strikes out looking
|
| Bottom of the 6th over - 0 runs, 1 hit, 0 errors, 1 left on base; Baltimore 5 - Oakland 3 |
| TOP OF THE 7TH |
|
Baltimore Orioles batting - Pitching for Oakland Athletics : LHP Gerald Tyler
|
|
Pitching: RHP Neil Allen
|
|
|
Batting: RHB Garth Iorg
|
0-0: Foul Ball, location: 2F 0-1: Ball 1-1: Swinging Strike 1-2: Foul Ball, location: 2F 1-2: Strikes out swinging
|
|
Batting: SHB Steve R Ontiveros
|
0-0: Called Strike 0-1: Ball 1-1: Foul Ball, location: 2F 1-2: Ball 2-2: Ground out 3-1 (Groundball, 34, EV 88.1 MPH)
|
|
Batting: RHB Dwight Evans
|
0-0: Ball 1-0: Called Strike 1-1: Ball 2-1: Foul Ball, location: 2F 2-2: DOUBLE (Line Drive, 89D, EV 103.8 MPH)
|
|
Batting: SHB Mike Hart
|
0-0: Ball 1-0: Foul Ball, location: 2F 1-1: Swinging Strike 1-2: Ball 2-2: Fly out, F2 (Popup, 15S, EV 81.9 MPH)
|
| Top of the 7th over - 0 runs, 1 hit, 0 errors, 1 left on base; Baltimore 5 - Oakland 3 |
| BOTTOM OF THE 7TH |
|
Oakland Athletics batting - Pitching for Baltimore Orioles : RHP Andrew Castillo
|
|
Batting: RHB Barry Foote
|
0-0: Ball 1-0: Swinging Strike 1-1: Fly out, F3 (Popup, 3S, EV 71.3 MPH)
|
|
Batting: RHB Willie Randolph
|
0-0: Fly out, F9 (Flyball, 9, EV 93.1 MPH)
|
|
Batting: RHB Barry Evans
|
0-0: Swinging Strike 0-1: Foul Ball, location: 2F 0-2: Strikes out swinging
|
| Bottom of the 7th over - 0 runs, 0 hits, 0 errors, 0 left on base; Baltimore 5 - Oakland 3 |
| TOP OF THE 8TH |
|
Baltimore Orioles batting - Pitching for Oakland Athletics : RHP Neil Allen
|
|
Batting: RHB Matt Rice
|
0-0: Called Strike 0-1: Foul Ball, location: 2F 0-2: Ball 1-2: Ball 2-2: Ground out 5-3 (Groundball, 56S, EV 75.6 MPH)
|
|
Batting: LHB Dave Parker
|
0-0: Ground out 4-3 (Groundball, 4, EV 79.4 MPH)
|
|
Batting: RHB Mark Brouhard
|
0-0: SINGLE (Groundball, 56S, EV 73.1 MPH) (infield hit)
|
|
Batting: RHB Jim Sundberg
|
0-0: Called Strike 0-1: Foul Ball, location: 2F 0-2: Ball 1-2: Ball 2-2: SINGLE (Line Drive, 8LS, EV 104.4 MPH) Mark Brouhard to second Runner from 2nd tries for 3rd, SAFE, no throw by CF
|
|
Batting: RHB Marty G Barrett
|
0-0: Ball Passed Ball! Mark Brouhard scores Jim Sundberg to second 1-0: Called Strike 1-1: SINGLE (Line Drive, 34D, EV 95.6 MPH) Jim Sundberg to third Runner from 3rd tries for Home, SAFE, throw by RF to home
|
|
Batting: RHB Garth Iorg
|
0-0: Called Strike 0-1: Ball 1-1: Ball 2-1: Fly out, F7 (Flyball, 7LM, EV 109.4 MPH)
|
| Top of the 8th over - 2 runs, 3 hits, 0 errors, 1 left on base; Baltimore 7 - Oakland 3 |
| BOTTOM OF THE 8TH |
|
Oakland Athletics batting - Pitching for Baltimore Orioles : RHP Andrew Castillo
|
|
Now at C: Dennis Werth
|
|
|
Now in RF: Willie McGee
|
|
|
Batting: RHB Dave Henderson
|
0-0: Ball 1-0: Foul Ball, location: 2F 1-1: Called Strike 1-2: Fly out, F8 (Flyball, 8RXD, EV 103.1 MPH)
|
|
Batting: LHB Reggie Jackson
|
0-0: Foul Ball, location: 2F 0-1: Ball 1-1: Swinging Strike 1-2: Foul Ball, location: 2F 1-2: Strikes out swinging
|
|
Batting: RHB George Hendrick
|
0-0: Fly out, F4 (Flyball, 4MD, EV 69.4 MPH)
|
| Bottom of the 8th over - 0 runs, 0 hits, 0 errors, 0 left on base; Baltimore 7 - Oakland 3 |
| TOP OF THE 9TH |
|
Baltimore Orioles batting - Pitching for Oakland Athletics : RHP Neil Allen
|
|
Batting: SHB Steve R Ontiveros
|
0-0: Swinging Strike 0-1: Foul Ball, location: 2F 0-2: Strikes out looking
|
|
Batting: RHB Dwight Evans
|
0-0: Ball 1-0: Ball 2-0: Called Strike 2-1: Foul Ball, location: 2F 2-2: Foul Ball, location: 2F 2-2: Strikes out swinging
|
|
Batting: SHB Mike Hart
|
0-0: Ball 1-0: Swinging Strike 1-1: Fly out, F6 (Popup, 6MD, EV 70.6 MPH)
|
| Top of the 9th over - 0 runs, 0 hits, 0 errors, 0 left on base; Baltimore 7 - Oakland 3 |
| BOTTOM OF THE 9TH |
|
Oakland Athletics batting - Pitching for Baltimore Orioles : RHP Andrew Castillo
|
|
Batting: LHB Ben Oglivie
|
0-0: Foul Ball, location: 2F 0-1: Ball 1-1: SINGLE (Groundball, 4MD, EV 108.1 MPH)
|
|
Batting: RHB Willie Darkis
|
0-0: Ball 1-0: 2-RUN HOME RUN (Flyball, 7D, EV 92.5 MPH), Distance : 379 ft
|
|
Pitching: LHP Dave LaRoche
|
|
|
Batting: RHB Fred Andrews
|
0-0: Ball 1-0: Foul Ball, location: 2F 1-1: Ball 2-1: Swinging Strike 2-2: Strikes out swinging
|
|
Batting: RHB Barry Foote
|
0-0: Ball 1-0: Called Strike 1-1: Ground out 5-3 (Groundball, 56S, EV 60.6 MPH)
|
|
Batting: RHB Willie Randolph
|
0-0: Ball 1-0: Fly out, F9 (Flyball, 9S, EV 90.0 MPH)
|
| Bottom of the 9th over - 2 runs, 2 hits, 0 errors, 0 left on base; Baltimore 7 - Oakland 5 |
|